AoeStats
← nonoleboss

Arabia

505085988Analyzed
1v1 RM · 25d ago on Sep 7, 2026· 32m 38s· 2 players
Game mode
Random Map
Map size
Tiny (2 player)
Population
200
Speed
Normal
Resources
Standard
Victory
Conquest
Starting age
Dark Age
Ending age
Imperial Age
RankedLock teamsTeams togetherTeam positionsShared explorationLock speedFull tech treeHidden civsTurbo modeCheats
Victory
Defeat
🇫🇷 Tatars · France
1386
+15
🇵🇾 Wei · Paraguay
1369
-15
Heisenberg
6:29 Loom
8:51 Feudal Age
10:19 Double-Bit Axe
10:40 Town Watch
11:07 Horse Collar
12:20 Town Watch
23:03 Castle Age
21:43 Fletching
21:54 Padded Archer Armor
22:00 Scale Barding Armor
24:38 Bodkin Arrow
25:50 Gold Mining
27:38 Leather Archer Armor
28:32 Bow Saw
31:40 Ballistics
32:41 Wheelbarrow
nonoleboss
6:40 Loom
8:54 Feudal Age
10:06 Double-Bit Axe
11:21 Horse Collar
16:23 Forging
19:46 Scale Barding Armor
23:40 Castle Age
21:42 Padded Archer Armor
22:49 Bloodlines
22:32 Gold Mining
22:44 Padded Archer Armor
22:56 Fletching
23:43 Padded Archer Armor
24:22 Bodkin Arrow
24:57 Bow Saw
26:13 Ballistics
29:26 Leather Archer Armor
28:58 Town Watch
30:28 Husbandry
32:44 Heavy Plow
Connection lost

Rejoining the realm…

Still unreachable

The connection could not be restored.

Session expired

The server has moved on; the page needs a fresh start.